 Dungeon Crawl Stone Soup version 0.27-a0-1548-gf8a67e7463 (webtiles) character file.

Game seed: 11270776442243943239

599 bande the Chopper (level 7, -1/44 HPs)
             Began as a Gargoyle Fighter on July 13, 2021.
             Slain by a wyvern zombie (9 damage)
             ... in an ossuary.
             The game lasted 00:08:25 (4465 turns).

bande the Chopper (Gargoyle Fighter)                Turns: 4465, Time: 00:08:26

Health: -1/44      AC: 21    Str: 21    XL:     7   Next: 41%
Magic:  7/7        EV:  4    Int:  8    God:
Gold:   167        SH: 10    Dex: 16    Spells: 6/6 levels left

rFire    . . .     SeeInvis .   a - +1 war axe
rCold    . . .     Faith    .   c - +0 kite shield
rNeg     + . .     Spirit   .   i - +0 plate armour
rPois    ∞         Reflect  .   b - +0 helmet
rElec    +         Harm     .   (no cloak)
rCorr    .         Rampage  .   (no gloves)
Will     .....                  s - +2 pair of boots
Stlth    ..........             (no amulet)
HPRegen  0.14/turn              j - +4 ring of slaying
MPRegen  0.10/turn              l - +6 ring of dexterity

@: no status effects
A: sickness immunity, AC +4, negative energy resistance 1, electricity
resistance, torment resistance 1, petrification resistance
a: no special abilities


You were in an ossuary.
You visited 1 branch of the dungeon, and saw 4 of its levels.
You also visited: Sewer and Ossuary.

You collected 167 gold pieces.

Inventory:

Hand Weapons
 a - a +1 war axe (weapon)
Armour
 b - a +0 helmet (worn)
 c - a +0 kite shield (worn)
 i - a +0 plate armour (worn)
 s - a +2 pair of boots (worn)
Jewellery
 e - a ring of fire
 j - a +4 ring of slaying (left hand)
 l - a +6 ring of dexterity (right hand)
 m - a ring of protection from cold
 n - a ring of positive energy
Scrolls
 f - 2 scrolls of identify
 o - 2 scrolls of enchant weapon
Potions
 d - a potion of might
 g - a potion of resistance
 k - 2 potions of haste
 r - 5 potions of flight


   Skills:
 + Level 4.8 Fighting
 + Level 5.2 Axes
 + Level 4.5 Armour
 + Level 0.7 Dodging
 + Level 4.8 Shields


You had 6 spell levels left.
You didn't know any spells.
Your spell library contained the following spells:

 Spells                   Type           Power      Damage    Failure   Level
 Magic Dart               Conj           0%         1d3       100%        1
 Ensorcelled Hibernation  Hex/Ice        0%         N/A       100%        2
 Searing Ray              Conj           0%         3d3       100%        2
 Spider Form              Tmut/Pois      0%         N/A       100%        3
 Fulminant Prism          Conj/Hex       0%         3d6       100%        4
 Shadow Creatures         Summ           N/A        N/A       100%        6


Dungeon Overview and Level Annotations

Branches:
Dungeon (4/15)              Sewer (visited)         Ossuary (1/1)
 Temple: D:4-7

Altars:
Gozag

Shops:
D:1 =   D:2 =

Annotations:
D:4 2 runed translucent doors


Innate Abilities, Weirdness & Mutations

You are immune to sickness and miasma.
Your stone body is resilient. (AC +4)
You are immune to poison.
You resist negative energy. (rN+)
You are resistant to electric shocks. (rElec)
You are resistant to unholy torment.
You are immune to petrification.


Message History

You barely miss the bullfrog zombie. You slash the wyvern zombie!
The wyvern zombie bites you but does no damage.
The bullfrog zombie hits you but does no damage.
You block the mummy's attack.
The wyvern zombie bites you but does no damage.
You block the bullfrog zombie's attack.
You hit the mummy.
You destroy the mummy!
You hit the wyvern zombie. You barely miss the bullfrog zombie.
The wyvern zombie bites you but does no damage.
The bullfrog zombie barely misses you. The wyvern zombie bites you.
You block the bullfrog zombie's attack. The wyvern zombie bites you!
The bullfrog zombie hits you.
* * * LOW HITPOINT WARNING * * *
There is an empty arch of ancient stone here.
Unknown command.
You hit the bullfrog zombie.
The bullfrog zombie is severely damaged.
You hit the wyvern zombie. The wyvern zombie barely misses you.
You block the bullfrog zombie's attack.
The wyvern zombie bites you but does no damage.
The bullfrog zombie hits you but does no damage.
You slash the bullfrog zombie!
You destroy the bullfrog zombie!
Your shield and plate armour prevent you from hitting the wyvern zombie.
The wyvern zombie bites you but does no damage.
You block the wyvern zombie's attack.
Unknown command.
You completely miss the wyvern zombie.
The wyvern zombie is heavily damaged.
The wyvern zombie barely misses you. The wyvern zombie bites you.
* * * LOW HITPOINT WARNING * * *
You hit the wyvern zombie.
The wyvern zombie is heavily damaged.
The wyvern zombie bites you but does no damage. x2
You slash the wyvern zombie!
The wyvern zombie is almost destroyed.
The wyvern zombie bites you but does no damage.
The wyvern zombie bites you!
You die...

##### #∩..#
#@Z.# #...#
##≈##
≈≈≈≈≈≈≈≈...'.#
+#.≈.≈.≈.#'###
#P≈P≈.≈.# #
≈≈######## #


You could see a wyvern zombie.

Vanquished Creatures
  2 hornet zombies (Ossuary)
  A water moccasin zombie (Ossuary)
  A bullfrog zombie (Ossuary)
  An orc priest (D:3)
  A hound (D:3)
  5 mummies (Ossuary)
  A killer bee zombie (Ossuary)
  A hound skeleton (D:4)
  3 adders
  7 worms
  2 dart slugs
  2 orcs (D:3)
  6 bats
  11 endoplasms
  10 giant cockroaches
  5 goblins
  7 hobgoblins
  13 jackals
  5 quokkas
  8 ball pythons
  2 frilled lizards
  3 kobolds
  2 rats (D:2)
99 creatures vanquished.

Vanquished Creatures (others)
  2 plants (D:2)
  4 withered plants (Ossuary)
6 creatures vanquished.

Grand Total: 105 creatures vanquished

Notes
Turn   | Place    | Note
-------+----------+-------------------------------------------
     0 | D:1      | bande the Gargoyle Fighter began the quest for the Orb.
     0 | D:1      | Reached XP level 1. HP: 14/14 MP: 1/1
   192 | D:1      | Found Konleng's Jewellery Emporium.
   765 | D:1      | Reached XP level 2. HP: 13/19 MP: 2/2
  1215 | D:2      | Reached skill level 2 in Axes
  1319 | D:2      | Reached XP level 3. HP: 22/23 MP: 3/3
  1337 | D:2      | Found a faded altar of an unknown god.
  1522 | D:2      | Found Lasmaw's Jewellery Boutique.
  2298 | D:3      | Reached XP level 4. HP: 23/29 MP: 4/4
  2480 | D:3      | Found a glowing drain.
  2487 | D:3      | Reached skill level 3 in Axes
  2487 | D:3      | Reached XP level 5. HP: 29/33 MP: 5/5
  2515 | Sewer    | Entered a sewer
  4234 | D:4      | Found an opulent altar of Gozag.
  4270 | D:4      | Found a large runed translucent door.
  4271 | D:4      | Found a large runed translucent door.
  4287 | D:4      | Reached XP level 6. HP: 37/38 MP: 6/6
  4305 | D:4      | Found a sand-covered staircase.
  4310 | Ossuary  | Entered an ossuary
  4325 | Ossuary  | Reached skill level 4 in Axes
  4393 | Ossuary  | Reached XP level 7. HP: 21/44 MP: 7/7
  4426 | Ossuary  | Reached skill level 5 in Axes
  4465 | Ossuary  | Slain by a wyvern zombie

Illustrated notes

Levels and vault maps discovered:
D:1:      wander_arrival_peaceful_grave, layout_loops_cross, serial_shops,
          nicolae_shop_statue_plus
D:2:      layout_basic, serial_shops, shop,
          shapermc_ecumenical_altar_mp_ritualfount, dk_noncrumbling_4
D:3:      layout_loops_cross, gup_sewer_entry_glass
D:4:      layout_basic, nicolae_sif_muna_condensation, jmf_multi_god_temple2,
          lemuel_tele_altar, enter_ossuary_2, uniq_menkaure
Ossuary:  ossuary_zaba_flooded

Skill      XL: |  1  2  3  4  5  6  7 |
---------------+----------------------+-----
Axes           | 2 3 4 5 |  5.2
Fighting       | 4 |  4.8
Armour         | 4 |  4.5
Shields        | 4 |  4.8
Dodging        | |  0.7

Action                   |  1- 3 |  4- 6 |  7- 9 || total
-------------------------+-------+-------+-------++-------
Melee: War axe           |   127 |   175 |    19 ||   321
  Use: Scroll            |     8 |     5 |       ||    13
       Potion            |       |     1 |     1 ||     2
Armor: Scale mail        |    12 |       |       ||    12
       Plate armour      |   125 |   117 |    22 ||   264
Dodge: Dodged            |    27 |    40 |     6 ||    73
Block: Kite shield       |    95 |   120 |    13 ||   228

Table legend: (Time is in decaauts)
 A = Elapsed time spent in this place.
 B = Non-inter-level travel time spent in this place.
 C = Inter-level travel time spent in this place.
 D = Time resting spent in this place.
 E = Time spent auto-exploring this place.
 F = Levels seen in this place.
 G = Mean time per level.
                   A        B        C        D        E       F      G
               +--------+--------+--------+--------+--------+-----+--------+
         Total |   4874 |   4858 |     16 |    603 |   2957 |   6 |  812.3 |
       Dungeon |   3282 |   3266 |     16 |    195 |   2386 |   4 |  820.5 |
         Sewer |   1399 |   1399 |      0 |    370 |    536 |   1 | 1399.0 |
       Ossuary |    191 |    191 |      0 |     38 |     35 |   1 |  191.0 |
               +--------+--------+--------+--------+--------+-----+--------+

Top non-repeatable levels by time:
   Sewer: 1399 daAuts
     D:2: 1146 daAuts
     D:1: 1060 daAuts
     D:3: 981 daAuts
 Ossuary: 191 daAuts
     D:4: 94 daAuts
